 Dungeon Crawl Stone Soup version 0.23-a0-386-g9c9d49f (webtiles) character file.

126 Cryolive the Digger (level 5, -3/28 HPs)
             Began as a Gargoyle Earth Elementalist on Oct 28, 2018.
             Slain by a worm (9 damage)
             ... on level 3 of the Dungeon.
             The game lasted 00:06:02 (1991 turns).

Cryolive the Digger (Gargoyle Earth Elementalist)   Turns: 1991, Time: 00:06:03

Health: -3/28      AC:  7    Str: 12    XL:     5   Next: 9%
Magic:  9/9        EV: 12    Int: 16    God:
Gold:   89         SH:  0    Dex: 10    Spells: 1/10 levels left

rFire    + . .     SeeInvis .   q - +2 dagger (venom)
rCold    . . .     Gourm    .   (no shield)
rNeg     + . .     Faith    .   c - +0 robe
rPois    ∞         Spirit   .   (no helmet)
rElec    +         Reflect  .   (no cloak)
rCorr    .         Harm     .   o - +0 pair of gloves
MR       .....                  (no boots)
Stlth    ++........             (no amulet)
HPRegen  0.09/turn              f - ring of protection from fire
MPRegen  0.11/turn              (no ring)

@: no status effects
A: negative energy resistance 1, electricity resistance, unbreathing,
petrification resistance, rot immunity, AC +4
a: no special abilities


You were on level 3 of the Dungeon.
You were hungry.

You visited 1 branch of the dungeon, and saw 3 of its levels.

You collected 89 gold pieces.

Inventory:

Hand Weapons
 q - a +2 dagger of venom (weapon)
Missiles
 b - 52 stones (quivered)
Armour
 c - a +0 robe (worn)
 o - a +0 pair of gloves (worn)
Jewellery
 f - a ring of protection from fire (left hand)
Wands
 j - a wand of digging (9)
Scrolls
 e - 4 scrolls of remove curse {unknown}
 h - a scroll of magic mapping {unknown}
 k - a scroll of fog {unknown}
 l - a scroll of identify {unknown}
Potions
 a - a potion of ambrosia {unknown}
 g - 4 potions of brilliance {unknown}
 m - a potion of magic {unknown}
 n - a potion of berserk rage {unknown}
Comestibles
 d - 5 rations


   Skills:
 - Level 1.5 Dodging
 - Level 2.1 Stealth
 + Level 3.3 Spellcasting
 + Level 2.0 Conjurations
   Level 0.7 Transmutations
 + Level 5.0 Earth Magic
 + Level 0.0 Evocations


You had one spell level left.
You knew the following spells:

 Your Spells              Type           Power        Failure   Level  Hunger
a - Sandblast             Erth           ###...       2%          1    None
b - Stone Arrow           Conj/Erth      ##....       12%         3    ###....
c - Lee's Rapid Deconstr  Erth           ###.......   52%         5    ######.

Your spell library contained the following spells:

 Spells                   Type           Power        Failure   Level  Hunger
 Passwall                 Tmut/Erth      ##......     9%          2    ##.....
 Petrify                  Tmut/Erth      ##......     50%         4    ####...


Dungeon Overview and Level Annotations

Branches:
Dungeon (3/15)

Altars:


Innate Abilities, Weirdness & Mutations

You are resistant to torment.
Your stone body is resilient. (AC +4)
You are immune to poison.
You resist negative energy. (rN+)
You are resistant to electric shocks. (rElec)
You can survive without breathing.
You are immune to petrification.
You are immune to rotting.


Message History

You start resting.
Magic restored.
You start resting.
You are feeling hungry.
There is an escape hatch in the ceiling here.
There is an escape hatch in the floor here.
Things that are here:
a +0 robe; a +1 whip of venom
There is a stone staircase leading down here.
You climb downwards.
A bat, an adder, a worm and a goblin come into view.
The orc priest calls down the wrath of Beogh upon you.
Beogh smites you! The worm bites you!
* * * LOW HITPOINT WARNING * * *
The goblin moves out of view.
There is a stone staircase leading up here.
You see here a tomahawk.
The bat closely misses you. The orc priest misses you.
The orc closely misses you. The bat closely misses you. The worm bites you!
You die...

?..............
.....?..............
......o.............
.....(.o............
....................
.........o..........
....................
...........owb......
..=........÷@b......
###..........o......
#...............#.
.#.............
...........#...
.......S...# .#
.#......[... .
#..........#


You could see a worm, an orc priest, an adder, 4 orcs and 2 bats.

Vanquished Creatures
  An orc wizard (D:2)
  A gnoll (D:1)
  2 adders (D:2)
  2 dart slugs
  5 leopard geckos
  3 orcs
  6 bats
  3 giant cockroaches (D:1)
  4 goblins
  8 hobgoblins
  4 jackals (D:2)
  9 kobolds
  A quokka (D:2)
  3 frilled lizards
  4 rats
56 creatures vanquished.

Notes
Turn   | Place    | Note
-------+----------+-------------------------------------------
     0 | D:1      | Cryolive the Gargoyle Earth Elementalist began the quest
                  | for the Orb.
     0 | D:1      | Reached XP level 1. HP: 10/10 MP: 3/3
   285 | D:1      | Reached XP level 2. HP: 15/15 MP: 5/5
   346 | D:1      | Reached skill level 4 in Earth Magic
   479 | D:1      | Reached XP level 3. HP: 12/19 MP: 6/6
   484 | D:1      | Learned a level 3 spell: Stone Arrow
  1062 | D:2      | Reached skill level 1 in Conjurations
  1204 | D:2      | Reached XP level 4. HP: 20/24 MP: 8/8
  1667 | D:2      | Reached skill level 5 in Earth Magic
  1667 | D:2      | Reached XP level 5. HP: 24/28 MP: 0/9
  1678 | D:2      | Learned a level 5 spell: Lee's Rapid Deconstruction
  1991 | D:3      | Slain by a worm

Vault maps used:
D:1:      minmay_arrival_cross, bh_walls_and_bars
D:2:      first_ration

Skill      XL: |  1  2  3  4 |
---------------+-------------+-----
Earth Magic    | 4 5 |  5.0
Conjurations   | 1 2 |  2.0
Spellcasting   | 3 |  3.3
Dodging        | |  1.5
Stealth        | |  2.1
Transmutations | |  0.7

Action                   |  1- 3 |  4- 6 || total
-------------------------+-------+-------++-------
Melee: Hand axe          |    24 |       ||    24
       Whip              |    79 |    34 ||   113
       Dagger            |       |     2 ||     2
 Cast: Sandblast         |     1 |    11 ||    12
       Stone Arrow       |       |     1 ||     1
 Stab: Sleeping          |     3 |       ||     3
  Eat: Chunk             |     1 |     2 ||     3
Armor: Robe              |    35 |    11 ||    46
Dodge: Dodged            |    63 |    32 ||    95

Table legend:
 A = Non-vault XP
 B = Vault XP
 C = Vault XP percentage of total XP
 D = Non-vault monster count
 E = Vault monster count
 F = Vault count percentage of total count
                 A         B        C        D         E       F
            +---------+---------+-------+---------+---------+-------
      Total |     180 |       0 |   0.0 |      56 |       0 |   0.0
            +---------+---------+-------+---------+---------+-------
        D:1 |      55 |       0 |   0.0 |      23 |       0 |   0.0
        D:2 |     112 |       0 |   0.0 |      28 |       0 |   0.0
        D:3 |      13 |       0 |   0.0 |       5 |       0 |   0.0
            +---------+---------+-------+---------+---------+-------
